 Dungeon Crawl Stone Soup version 0.23.0 (webtiles) character file.

Game seed: 1398343594231383879

16735 TrashUser the Blocker (level 12, -2/82 HPs)
             Began as a Gargoyle Fighter on Feb 15, 2019.
             Was a High Priest of Okawaru.
             Slain by a wolf (6 damage)
             ... on level 1 of the Lair of Beasts.
             The game lasted 00:39:18 (10313 turns).

TrashUser the Blocker (Gargoyle Fighter)           Turns: 10313, Time: 00:39:18

Health: -2/82      AC: 26    Str: 24    XL:     12   Next: 40%
Magic:  0/17       EV:  6    Int: 10    God:    Okawaru [*****.]
Gold:   676        SH: 22    Dex:  9    Spells: 11/11 levels left

rFire    . . .     SeeInvis .   r - +1 whip (venom)
rCold    . . .     Gourm    .   v - +2 large shield
rNeg     + . .     Faith    .   h - +2 chain mail {MR+}
rPois    ∞         Spirit   +   c - +2 helmet
rElec    +         Reflect  .   w - +0 cloak
rCorr    .         Harm     .   (no gloves)
MR       +....                  F - +0 pair of boots
Stlth    ..........             B - amulet of guardian spirit
HPRegen  0.23/turn              (no ring)
MPRegen  0.15/turn              (no ring)

@: no status effects
A: negative energy resistance 1, electricity resistance, unbreathing,
petrification resistance, rot immunity, AC +8
a: Heroism, Finesse, Renounce Religion


You were on level 1 of the Lair of Beasts.
You worshipped Okawaru.
Okawaru was extremely pleased with you.
You were hungry.

You visited 3 branches of the dungeon, and saw 14 of its levels.
You also visited: Ossuary.

You collected 676 gold pieces.

Inventory:

Hand Weapons
 r - a +1 whip of venom (weapon)
Missiles
 j - 262 stones (quivered)
Armour
 c - a +2 helmet (worn)
 h - a +2 chain mail of magic resistance (worn)
 v - a +2 large shield (worn)
 w - a +0 cloak (worn)
 F - a +0 pair of boots (worn)
 M - a +1 chain mail of fire resistance
Jewellery
 B - an amulet of guardian spirit (around neck)
Wands
 k - a wand of flame (20)
 p - a wand of iceblast (10)
 y - a wand of enslavement (8)
 H - a wand of polymorph (15)
 L - a wand of digging (3)
 P - a wand of disintegration (21)
Scrolls
 e - 10 scrolls of teleportation
 g - 3 scrolls of fog
 i - 3 scrolls of identify
 m - 6 scrolls of remove curse
 n - a scroll of noise {unknown}
 u - 3 scrolls of magic mapping
 A - a scroll of brand weapon {unknown}
 D - 2 scrolls of immolation
 G - a scroll of blinking {unknown}
 I - a scroll of enchant weapon {unknown}
 O - a scroll of fear {unknown}
Potions
 b - 2 potions of invisibility
 d - 2 potions of might
 l - a potion of ambrosia
 o - 6 potions of flight
 q - a potion of haste
 s - 4 potions of agility
 t - 4 potions of heal wounds
 x - 6 potions of brilliance
 z - a potion of berserk rage {unknown}
 C - a potion of cancellation {unknown}
 E - 3 potions of degeneration {unknown}
 J - 2 potions of lignification
 N - a potion of mutation
Miscellaneous
 K - a fan of gales
Comestibles
 f - 17 rations


   Skills:
 * Level 12.5 Fighting
 - Level 9.1 Maces & Flails
 - Level 5.0 Armour
 + Level 14.0 Shields
 * Level 6.8 Invocations
 - Level 0.2 Evocations


You had 11 spell levels left.
You didn't know any spells.
Your spell library contained the following spells:

 Spells                   Type           Power        Failure   Level  Hunger
 Confusing Touch          Hex            #.....       100%        1    ##.....
 Corona                   Hex            #......      100%        1    ##.....
 Freeze                   Ice            #...         100%        1    ##.....
 Sting                    Conj/Pois      #...         100%        1    ##.....
 Summon Small Mammal      Summ           #...         100%        1    ##.....
 Call Imp                 Summ           #.......     100%        2    ###....
 Ensorcelled Hibernation  Hex/Ice        #.....       100%        2    ###....
 Poisonous Vapours        Pois/Air       #.....       100%        2    ###....
 Throw Frost              Conj/Ice       #.....       100%        2    ###....
 Call Canine Familiar     Summ           #.......     100%        3    ####...
 Confuse                  Hex            #.......     100%        3    ####...
 Conjure Flame            Conj/Fire      #.......     100%        3    ####...
 Dazzling Spray           Conj/Hex       #.....       100%        3    ####...
 Gell's Gravitas          Tloc           #.........   100%        3    ####...
 Mephitic Cloud           Conj/Pois/Air  #.......     100%        3    ####...
 Ozocubu's Armour         Chrm/Ice       #.......     100%        3    ####...
 Summon Guardian Golem    Hex/Summ       #.......     100%        3    ####...
 Tukima's Dance           Hex            #.......     100%        3    ####...
 Olgreb's Toxic Radiance  Pois           #.......     100%        4    #####..
 Petrify                  Tmut/Erth      #.......     100%        4    #####..
 Summon Ice Beast         Ice/Summ       #.......     100%        4    #####..
 Summon Lightning Spire   Summ/Air       #.......     100%        4    #####..
 Throw Icicle             Conj/Ice       #.......     100%        4    #####..
 Metabolic Englaciation   Hex/Ice        #.........   100%        5    ######.
 Venom Bolt               Conj/Pois      #.........   100%        5    ######.
 Yara's Violent Unravell  Hex/Tmut       #.........   100%        5    ######.
 Freezing Cloud           Conj/Ice/Air   #.........   100%        6    #######
 Ring of Flames           Chrm/Fire      #.........   100%        7    #######


Dungeon Overview and Level Annotations

Branches:
Dungeon (12/15)            Temple (1/1) D:5            Lair (1/6) D:8
    Orc: D:9-12

Altars:
Ashenzari
Cheibriados
Dithmenos
Elyvilon
Fedhas
Gozag
Hepliaklqana
Kikubaaqudgha
Makhleb
Nemelex Xobeh
Okawaru
Qazlal
Ru
Sif Muna
Trog
Uskayaw
Vehumet
Wu Jian
Xom
Yredelemnul
Zin
The Shining One


Innate Abilities, Weirdness & Mutations

You are resistant to torment.
Your stone body is resilient. (AC +8)
You are immune to poison.
You resist negative energy. (rN+)
You are resistant to electric shocks. (rElec)
You can survive without breathing.
You are immune to petrification.
You are immune to rotting.


Message History

The wolf is heavily wounded.
You block the wolf's attack. x4
You hit the wolf.
The wolf looks as sick as possible!
The wolf is heavily wounded.
You block the wolf's attack. x2
The komodo dragon bites you but does no damage.
The wolf bites you but does no damage.
You hit the wolf but do no damage.
The wolf looks as sick as possible!
The wolf is almost dead.
You block the wolf's attack. The wolf bites you.
* * * LOW HITPOINT WARNING * * *
The wolf barely misses you. You block the komodo dragon's attack.
The wolf bites you but does no damage. x2
You closely miss the wolf.
The wolf is almost dead.
You kill the wolf!
Okawaru accepts your kill. You block the wolf's attack. x2
You closely miss the wolf. You block the wolf's attack. The wolf bites you!
You die...

#...# #..## #...#
#...# # ##...#
#..######## #P...####
#.l........
#...##.####l.........
#....................
##..r.................
#...h#l##.#.h........>
##.hh@####h...........
#..h## ##...........
#...## #...........
######....#
#...........
.........##
#...........
#######).##
#........... ##..P#
#........... #...##
#........... #...#
#......[....


You could see a komodo dragon, 4 wolves and a porcupine.

Vanquished Creatures
  4 two-headed ogres
  Urug (D:11)
  An ugly thing (D:11)
  5 elephants (D:8)
  Joseph (D:8)
  A spiny frog (shapeshifter) (D:11)
  3 hornets
  2 trolls (D:10)
  A hippogriff (D:9)
  A meliai zombie (D:10)
  12 yaks
  A vampire (D:11)
  3 hungry ghosts
  2 soldier ants (D:10)
  A water moccasin (D:9)
  A porcupine (D:8)
  2 orc warriors
  2 sky beasts
  A black bear (D:10)
  2 phantoms
  2 ice beasts
  3 ogres
  23 wolves (Lair:1)
  10 centaurs
  Blork the orc (D:4)
  An elf zombie (Ossuary)
  8 bullfrogs
  5 killer bees (D:10)
  3 scorpions
  2 jellies
  A human zombie (Ossuary)
  5 hounds
  5 crimson imps
  4 orc priests
  4 centaur skeletons
  11 orc wizards
  A bullfrog skeleton (D:6)
  4 iguanas
  4 worker ants
  A hound skeleton (D:5)
  2 hound zombies
  5 mummies
  A worker ant zombie (D:9)
  8 adders
  12 gnolls
  2 shadow imps (D:11)
  3 adder zombies
  3 worms
  A dart slug (D:1)
  7 leopard geckos
  36 orcs
  4 ball pythons
  8 giant cockroaches
  7 goblins
  8 hobgoblins
  10 jackals
  2 quokkas
  12 bats
  6 frilled lizards
  2 goblin zombies (Ossuary)
  A hobgoblin zombie (Ossuary)
  A jackal skeleton (D:7)
  3 jackal zombies
  6 kobolds
  A kobold zombie (Ossuary)
  5 rats
  A rat zombie (Ossuary)
302 creatures vanquished.

Vanquished Creatures (others)
  An orc wizard (D:10)
1 creature vanquished.

Grand Total: 303 creatures vanquished

Notes
Turn   | Place    | Note
-------+----------+-------------------------------------------
     0 | D:1      | TrashUser the Gargoyle Fighter began the quest for the Orb.
     0 | D:1      | Reached XP level 1. HP: 14/14 MP: 1/1
   253 | D:1      | Reached XP level 2. HP: 17/19 MP: 2/2
   458 | D:1      | Reached XP level 3. HP: 23/23 MP: 3/3
   986 | D:2      | Reached XP level 4. HP: 26/29 MP: 4/4
  1526 | D:3      | Found a faded altar of an unknown god.
  1563 | D:3      | Reached XP level 5. HP: 11/33 MP: 5/5
  2538 | D:4      | Reached skill level 8 in Shields
  2538 | D:4      | Reached XP level 6. HP: 45/45 MP: 6/6
  2563 | D:4      | Noticed Blork the orc
  2580 | D:4      | Killed Blork the orc
  2580 | D:4      | Reached XP level 7. HP: 46/50 MP: 7/7
  2923 | D:5      | Entered Level 5 of the Dungeon
  3062 | D:5      | Found a staircase to the Ecumenical Temple.
  3091 | Temple   | Entered the Ecumenical Temple
  3219 | Temple   | Became a worshipper of Warmaster Okawaru
  3350 | D:5      | Reached skill level 5 in Armour
  3404 | D:5      | Reached XP level 8. HP: 35/56 MP: 8/8
  3556 | D:5      | Found a deep blue altar of Sif Muna.
  4134 | D:6      | Reached * piety under Okawaru
  4373 | D:6      | Reached skill level 1 in Invocations
  4694 | D:7      | Reached ** piety under Okawaru
  4694 | D:7      | Reached XP level 9. HP: 57/62 MP: 10/10
  4994 | D:7      | Reached skill level 10 in Fighting
  5373 | D:8      | Found a sand-covered staircase.
  5398 | Ossuary  | Entered an ossuary
  5768 | D:8      | Noticed a two-headed ogre
  5788 | D:8      | Killed a two-headed ogre
  5788 | D:8      | Reached *** piety under Okawaru
  5788 | D:8      | Reached skill level 9 in Shields
  5870 | D:8      | Noticed Joseph
  5906 | D:8      | Killed Joseph
  5906 | D:8      | Reached **** piety under Okawaru
  5906 | D:8      | Reached XP level 10. HP: 60/68 MP: 10/12
  6013 | D:8      | Found a staircase to the Lair.
  6016 | D:8      | Noticed a two-headed ogre
  6028 | D:8      | Killed a two-headed ogre
  6028 | D:8      | Reached ***** piety under Okawaru
  6028 | D:8      | Reached skill level 10 in Shields
  6931 | D:9      | Received a gift from Okawaru
  6990 | D:9      | Noticed a two-headed ogre
  7010 | D:9      | Killed a two-headed ogre
  7010 | D:9      | Reached skill level 11 in Shields
  7044 | D:9      | Noticed a two-headed ogre
  7088 | D:9      | Killed a two-headed ogre
  7088 | D:9      | Reached XP level 11. HP: 74/74 MP: 14/14
  7631 | D:10     | Entered Level 10 of the Dungeon
  7650 | D:10     | Reached skill level 5 in Invocations
  8183 | D:10     | Found a white marble altar of Elyvilon.
  8284 | D:10     | Reached skill level 12 in Shields
  8917 | D:11     | Noticed a red ugly thing
  8939 | D:11     | Killed a red ugly thing
  8942 | D:11     | Noticed Urug
  8988 | D:11     | Killed Urug
  9552 | Lair:1   | Entered Level 1 of the Lair of Beasts
  9567 | D:8      | Received a gift from Okawaru
  9567 | D:8      | Reached skill level 13 in Shields
  9568 | D:8      | Found the +5 scythe "Finisher" {speed, eviscerate}
  9638 | D:8      | Reached XP level 12. HP: 70/81 MP: 14/16
 10290 | Lair:1   | Reached skill level 14 in Shields
 10311 | Lair:1   | HP: 4/82 [wolf (4)]
 10313 | Lair:1   | Slain by a wolf

Skill      XL: |  1  2  3  4  5  6  7  8  9 10 11 12 |
---------------+-------------------------------------+-----
Maces & Flails | 3 4 8 9 |  9.1
Armour         | 4 5 |  5.0
Fighting       | 4 8 9 10 11 12 | 12.5
Shields        | 8 9 11 13 14 | 14.0
Invocations    | 1 3 4 6 |  6.8
Evocations     | |  0.2

Action                   |  1- 3 |  4- 6 |  7- 9 | 10-12 || total
-------------------------+-------+-------+-------+-------++-------
Melee: Flail             |   167 |    37 |    79 |       ||   283
       Whip              |       |   117 |   484 |  1049 ||  1650
Throw: Stone             |     1 |       |       |       ||     1
       Throwing net      |       |     1 |       |       ||     1
Invok: Heroism           |       |       |     2 |     3 ||     5
       Finesse           |       |       |       |     1 ||     1
Evoke: Wand              |       |       |       |     5 ||     5
  Use: Scroll            |     2 |     1 |    10 |     7 ||    20
       Potion            |       |     1 |       |     1 ||     2
  Eat: Chunk             |     1 |     4 |     9 |    17 ||    31
       Ration            |       |       |     3 |       ||     3
Armor: Scale mail        |   104 |    74 |    15 |       ||   193
       Chain mail        |       |       |    87 |   405 ||   492
       Plate armour      |       |       |   178 |    15 ||   193
Dodge: Dodged            |    51 |    36 |    93 |   104 ||   284
Block: Shield            |   113 |    69 |   271 |       ||   453
       Large shield      |       |       |    27 |  1099 ||  1126
